 Dungeon Crawl Stone Soup version 0.29.1-1-gd02db69 (webtiles) character file.

Game seed: 2632607621609661149

461 bonegar the Sneak (level 7, -1/57 HPs)
             Began as a Naga Enchanter on Apr 11, 2023.
             Slain by a wight
             ... wielding a +0 hand axe
              (4 damage)
             ... on level 4 of the Dungeon.
             The game lasted 00:35:47 (2982 turns).

bonegar the Sneak (Naga Enchanter)                  Turns: 2982, Time: 00:35:48

Health: -1/57      AC:  3    Str: 11    XL:     7   Next: 7%
Magic:  0/11       EV: 10    Int: 17    God:
Gold:   215        SH:  0    Dex: 11    Spells: 10/12 levels left

rFire   . . .      SeeInvis +   h - +2 dagger (elec)
rCold   . . .      Faith    .   (no shield)
rNeg    . . .      Spirit   +   b - +0 robe
rPois   +          Reflect  .   (no helmet)
rElec   .          Harm     .   (no cloak)
rCorr   .          Rampage  .   (no gloves)
Will    .....                   (no barding)
Stlth   +++.......              r - amulet of guardian spirit
HPRegen 0.19/turn               (no ring)
MPRegen 0.12/turn               (no ring)

@: short of breath, very slow
A: AC +2, large, see invisible, deformed body, poison resistance, slowness 2,
spit poison 1, naga tail 1
a: Spit Poison


You were on level 4 of the Dungeon.
You visited 1 branch of the dungeon, and saw 4 of its levels.

You collected 215 gold pieces.

Inventory:

Hand Weapons
 a - a +1 dagger
 h - a +2 dagger of electrocution (weapon)
 l - a +2 vorpal flail
Armour
 b - a +0 robe (worn)
 j - a +0 helmet
Jewellery
 n - a ring of positive energy
 r - an amulet of guardian spirit (around neck)
Wands
 t - a wand of mindburst (5)
 w - a wand of flame (12)
Scrolls
 c - a scroll of enchant weapon {unknown}
 d - a scroll of fog {unknown}
 e - 2 scrolls of identify
 f - a scroll of noise {unknown}
 m - a scroll of vulnerability {unknown}
 o - a scroll of teleportation {unknown}
 p - a scroll of summoning {unknown}
 q - a scroll of fear {unknown}
 v - a scroll of acquirement {unknown}
Potions
 i - a potion of magic {unknown}
 k - 2 potions of degeneration {unknown}
 s - a potion of cancellation {unknown}
 u - a potion of brilliance {unknown}


   Skills:
 + Level 1.3 Fighting
 + Level 2.4 Short Blades
 + Level 2.4 Dodging
 + Level 7.2 Stealth
 + Level 3.2 Spellcasting
 + Level 4.2 Hexes
 + Level 1.9 Ice Magic


You had 10 spell levels left.
You knew the following spells:

 Your Spells              Type           Power      Damage    Failure   Level
a - Ensorcelled Hibernat  Hex/Ice        26%        N/A       7%          2

Your spell library contained the following spells:

 Spells                   Type           Power      Damage    Failure   Level
 Confusing Touch          Hex            17%        N/A       9%          3
 Tukima's Dance           Hex            17%        N/A       9%          3
 Dazzling Flash           Conj/Hex       20%        N/A       22%         3
 Corpse Rot               Necr/Pois/Air  2%         N/A       86%         4
 Dispel Undead            Necr           2%         3d7       86%         4
 Death Channel            Necr           1%         N/A       100%        6


Dungeon Overview and Level Annotations

Branches:
Dungeon (4/15)
 Temple: D:4-7

Altars:


Innate Abilities, Weirdness & Mutations

Your serpentine skin is tough. (AC +2)
You have supernaturally acute eyesight. (SInv)
Armour fits poorly on your strangely shaped body.
Your system is resistant to poisons. (rPois)
You cover ground very slowly.
You can spit poison.
You have a snake-like lower body.


Message History

Found a leather armour.
The centaur wields a +0 shortbow.
The centaur shoots an arrow.
The arrow hits you!
The centaur shoots an arrow.
The arrow hits you!
The kobold shouts!
Casting: Ensorcelled Hibernation (safe; 7% risk of failure)
Confirm with . or Enter, or press ? or * to list all spells.
Aiming: Ensorcelled Hibernation (safe; 7% risk of failure)
Press: ? - help, Shift-Dir - straight line, f - kobold
Aim: a kobold, wielding a +0 short sword and quivering poisoned darts (chance to affect: 64%)
The kobold resists with significant effort.
You hear a bellow!
The centaur shoots an arrow.
The arrow hits you.
A wight comes into view. It is wielding a +0 hand axe.
The centaur shoots an arrow.
The arrow hits you!
The centaur shoots an arrow.
The arrow hits you.
Aiming: Spit Poison (1% risk of failure)
Press: ? - help, Q - select action, (/) - cycle Shift-Dir - straight line, f/p - kobold
Aim: a kobold, wielding a +0 short sword and quivering poisoned darts (50% to hit)
The splash of poison hits the kobold but does no damage.
The centaur shoots an arrow.
The arrow hits you!
* * * LOW HITPOINT WARNING * * *
The centaur shoots an arrow.
The arrow hits you.
* * * LOW HITPOINT WARNING * * *
You feel better.
The kobold hits you with a +0 short sword.
You hit the kobold but do no damage. Lightning courses through the kobold!!
You kill the kobold!
The centaur shoots an arrow.
The arrow misses you.
The centaur shoots an arrow.
The arrow hits you!
* * * LOW HITPOINT WARNING * * *
Casting: Ensorcelled Hibernation (safe; 7% risk of failure)
Confirm with . or Enter, or press ? or * to list all spells.
You don't have enough magic to cast this spell.
Casting: Ensorcelled Hibernation (safe; 7% risk of failure)
Confirm with . or Enter, or press ? or * to list all spells.
You don't have enough magic to cast this spell.
You feel better.
The centaur shoots an arrow.
The arrow hits you!
* * * LOW HITPOINT WARNING * * *
You hit the wight but do no damage. The wight hits you with a +0 hand axe.
You die...

............#
...#........# .#
#..........(####.#
##...<....<.....=#
##..............$.#
##.)...............#
###................#.:
#...............z..#.#
#............@).c..#
##....†...........#.#
............).!.......#
.................?..#.#
######...........#..#
.. #...####.#####..# .
#...# #.# .[.. #.##.
..# ##... ~.. . ...#
...


You could see a centaur and a wight.

Vanquished Creatures
  Sigmund (D:4)
  2 iguanas
  3 orc wizards (D:3)
  7 adders
  A shadow imp (D:3)
  2 worms
  3 dart slugs (D:1)
  7 orcs (D:3)
  6 bats
  10 endoplasms
  3 giant cockroaches (D:1)
  6 goblins
  9 hobgoblins
  4 jackals (D:3)
  6 quokkas
  4 ball pythons
  5 frilled lizards
  6 kobolds
  2 rats (D:1)
87 creatures vanquished.

Notes
Turn   | Place    | Note
-------+----------+-------------------------------------------
     0 | D:1      | bonegar the Naga Enchanter began the quest for the Orb.
     0 | D:1      | Reached XP level 1. HP: 15/15 MP: 3/3
   213 | D:1      | Reached XP level 2. HP: 15/22 MP: 5/5
   216 | D:1      | Learned a level 2 spell: Ensorcelled Hibernation
   286 | D:1      | Reached skill level 5 in Stealth
   918 | D:1      | Reached XP level 3. HP: 24/28 MP: 6/6
  1258 | D:1      | You fall into a shaft and drop 1 floor!
  1660 | D:2      | Reached XP level 4. HP: 32/36 MP: 2/7
  2257 | D:3      | Reached skill level 6 in Stealth
  2257 | D:3      | Reached XP level 5. HP: 31/43 MP: 0/8
  2312 | D:3      | Reached skill level 1 in Ice Magic
  2356 | D:3      | Reached skill level 1 in Fighting
  2549 | D:3      | Reached XP level 6. HP: 32/51 MP: 1/10
  2935 | D:4      | Noticed Sigmund
  2942 | D:4      | Killed Sigmund
  2943 | D:4      | Reached skill level 7 in Stealth
  2950 | D:4      | Reached XP level 7. HP: 57/57 MP: 2/11
  2982 | D:4      | Slain by a wight

Illustrated notes

Levels and vault maps discovered:
D:1:      dpeg_arrival_lava_altar, layout_basic,
          shapermc_ecumenical_altar_hornbeckon, kennysheep_small_spiral,
          minmay_misc_feat_roman
D:2:      layout_rooms, nicolae_underground_beach
D:3:      minmay_diamond_boxcup, layout_basic
D:4:      layout_rooms, nicolae_overflow_quartered_altars, minitemple,
          chequers_serial_rivers_micro_a, minmay_manual_monolith, uniq_sigmund

Skill      XL: |  1  2  3  4  5  6 |
---------------+-------------------+-----
Stealth        | 5 6 7 |  7.2
Dodging        | 2 |  2.4
Ice Magic      | 1 |  1.9
Fighting       | 1 |  1.3
Short Blades   | 2 |  2.4
Spellcasting   | 3 |  3.2
Hexes          | 4 |  4.2

Action                   |  1- 3 |  4- 6 |  7- 9 || total
-------------------------+-------+-------+-------++-------
Melee: Dagger            |    86 |   112 |     8 ||   206
 Cast: Ensorcelled Hiber |    14 |    33 |     2 ||    49
 Abil: Spit Poison       |       |     1 |     1 ||     2
  Use: Scroll            |     1 |       |       ||     1
       Potion            |       |     2 |     2 ||     4
 Stab: Sleeping          |    20 |    17 |       ||    37
       Invisible         |       |     3 |       ||     3
Armor: Robe              |     8 |    17 |       ||    25
Dodge: Dodged            |    41 |    55 |     2 ||    98
